AoeStats
← Thomas.Gustaffson

Arena

508285701Analyzed
1v1 RM · 9d ago on Sep 21, 2026· 45m 24s· 2 players
Game mode
Random Map
Map size
Tiny (2 player)
Population
200
Speed
Normal
Resources
Standard
Victory
Conquest
Starting age
Dark Age
Ending age
Imperial Age
RankedLock teamsTeams togetherTeam positionsShared explorationLock speedFull tech treeHidden civsTurbo modeCheats
Victory
Defeat
🇹🇷 Goths · Türkiye
896
+15
🇩🇪 Byzantines · Germany
865
-15
Gustav456
11:09 Feudal Age
12:50 Loom
15:38 Castle Age
13:27 Horse Collar
13:54 Double-Bit Axe
16:57 Heavy Plow
23:28 Wheelbarrow
23:38 Bow Saw
25:44 Hand Cart
29:51 Imperial Age
32:03 Scale Barding Armor
32:09 Forging
31:30 Onager
32:27 Stone Mining
32:28 Gold Mining
34:04 Stone Shaft Mining
34:55 Husbandry
34:59 Scale Mail Armor
37:51 Hoardings
37:54 Iron Casting
37:35 Cavalier
38:38 Chain Barding Armor
41:38 Chemistry
42:20 Pikeman
44:14 Two-Man Saw
45:04 Gold Shaft Mining
Thomas.Gustaffson
9:53 Feudal Age
10:14 Horse Collar
10:21 Double-Bit Axe
16:56 Forging
18:48 Castle Age
16:51 Scale Mail Armor
17:40 Wheelbarrow
17:07 Stone Mining
17:08 Gold Mining
18:53 Wheelbarrow
19:35 Heavy Plow
20:14 Bow Saw
21:19 Stone Shaft Mining
27:46 Loom
30:35 Imperial Age
27:53 Town Watch
29:04 Hand Cart
28:55 Squires
29:14 Chain Mail Armor
30:06 Anarchy
30:04 Pikeman
30:08 Man-at-Arms
31:28 Iron Casting
31:18 Perfusion
31:39 Conscription
30:47 Long Swordsman
32:20 Crop Rotation
32:54 Two-Man Saw
31:42 Two-Handed Swordsman
32:27 Town Patrol
32:51 Halberdier
33:46 Champion
37:30 Blast Furnace
37:59 Elite Huskarl
41:10 Scale Barding Armor
Connection lost

Rejoining the realm…

Still unreachable

The connection could not be restored.

Session expired

The server has moved on; the page needs a fresh start.